 Dungeon Crawl Stone Soup version 0.32-a0-872-g59262bdc9b (webtiles) character file.

Game seed: 14052591479043467368

5479 smashvw the Toxicologist (level 10, -2/63 HPs)
             Began as a Merfolk Alchemist on Mar 30, 2024.
             Was a Believer of Vehumet.
             Slain by a wyvern (4 damage)
             ... on level 9 of the Dungeon.
             The game lasted 00:39:00 (11249 turns).

smashvw the Toxicologist (Merfolk Alchemist)       Turns: 11249, Time: 00:39:00

Health: -2/63      AC:  4    Str: 14    XL:     10   Next: 69%
Magic:  21/22      EV: 16    Int: 19    God:    Vehumet [**....]
Gold:   373        SH:  0    Dex: 21    Spells: 7/26 levels left

rFire   . . .        k - +1 quarterstaff (spect)
rCold   . . .        (shield currently unavailable)
rNeg    . . .        a - +0 robe
rPois   .            (no helmet)
rElec   .            (no cloak)
rCorr   .            A - +1 pair of gloves
SInv    .            (no boots)
Will    +....        z - amulet of regeneration
Stlth   ++           y - +6 ring of strength
HPRegen 1.10/turn    C - +6 ring of dexterity
MPRegen 0.18/turn

%: no passive effects
@: enlightened, flying
A: (nimble swimmer 2), mertail
a: Renounce Religion


You were on level 9 of the Dungeon.
You worshipped Vehumet.
Vehumet was pleased with you.
You visited 2 branches of the dungeon, and saw 10 of its levels.

You collected 373 gold pieces.

Inventory:

Hand Weapons
 e - a +0 flail
 k - a +1 spectral quarterstaff (weapon)
 u - a +1 dagger of venom
Armour
 a - a +0 robe (worn)
 t - an orb of energy
 A - a +1 pair of gloves (worn)
Jewellery
 y - a +6 ring of strength (left hand)
 z - an amulet of regeneration (around neck)
 C - a +6 ring of dexterity (right hand)
 G - a ring of poison resistance
Wands
 v - a wand of light (7)
 D - a wand of flame (29)
 E - a wand of charming (2)
Scrolls
 f - 2 scrolls of poison
 g - a scroll of enchant armour
 i - 3 scrolls of identify
 n - a scroll of blinking {unknown}
 q - 2 scrolls of noise {unknown}
 B - a scroll of acquirement {unknown}
 F - a scroll of immolation {unknown}
Potions
 b - 2 potions of magic
 d - 3 potions of enlightenment
 h - 2 potions of resistance {unknown}
 j - a potion of berserk rage {unknown}
 l - 2 potions of cancellation
 m - 2 potions of degeneration {unknown}
 o - 2 potions of brilliance {unknown}
 p - a potion of mutation {unknown}
 r - 2 potions of lignification {unknown}
 s - a potion of curing {unknown}
 w - 4 potions of might {unknown}
 x - 3 potions of haste {unknown}


   Skills:
 + Level 7.1 Dodging
 - Level 2.1 Stealth
 + Level 8.6 Spellcasting
 - Level 5.0 Conjurations
 - Level 5.0 Fire Magic
 + Level 10.4 Alchemy


You had 7 spell levels left.
You knew the following spells:

 Your Spells              Type           Power      Damage    Failure   Level
a - Sting                 Conj/Alch      100%       1d9       1%          1
b - Mercury Vapours       Alch/Air       56%        N/A       1%          2
c - Mephitic Cloud        Conj/Alch/Air  27%        N/A       3%          3
d - Olgreb's Toxic Radia  Alch           47%        N/A       1%          4
e - Sticky Flame          Fire/Alch      37%        2d8       3%          4
f - Irradiate             Conj/Alch      18%        3d17      10%         5

Your spell library contained the following spells:

 Spells                   Type           Power      Damage    Failure   Level
 Foxfire                  Conj/Fire      100%       2x1d9     1%          1
 Inner Flame              Hex/Fire       17%        N/A       10%         3
 Ensorcelled Hibernation  Hex/Ice        16%        N/A       13%         2
 Passwall                 Erth           8%         N/A       26%         3
 Swiftness                Air            8%         N/A       26%         3
 Starburst                Conj/Fire      13%        6d6       86%         6
 Plasma Beam              Fire/Air       8%         2x1d19    99%         6
 Ignition                 Fire           13%        3d6       100%        8


Dungeon Overview and Level Annotations

Branches:
Dungeon (9/15)             Temple (1/1) D:5
   Lair: D:8-11         Orc: D:9-12

Altars:
Ashenzari
Cheibriados
Dithmenos
Elyvilon
Fedhas
Gozag
Hepliaklqana
Kikubaaqudgha
Makhleb
Nemelex Xobeh
Okawaru
Qazlal
Ru
Sif Muna
Uskayaw
Vehumet
Wu Jian
Xom
Zin
The Shining One

Shops:
D:2 (   D:3 [=

Annotations:
D:8 2 transporters


Innate Abilities, Weirdness & Mutations

((You are very nimble when in or above water. (Stealth+, EV+, Speed+++)))
Your lower body shifts to a powerful aquatic tail in water.


Message History

The centaur shoots an arrow.
The arrow hits you. The arrow freezes you.
The sting hits the wyvern.
The wyvern is poisoned.
The wyvern is moderately wounded.
The centaur shoots an arrow.
The arrow hits you! The arrow freezes you. The wyvern misses you.
The centaur shoots an arrow.
The arrow hits you! The arrow freezes you.
You are too injured to fight recklessly!
The wyvern closely misses you.
The centaur shoots an arrow.
The arrow hits you!
* * * LOW HITPOINT WARNING * * *
The arrow freezes you.
* * * LOW HITPOINT WARNING * * *
The centaur shoots an arrow.
The arrow hits you!
* * * LOW HITPOINT WARNING * * *
The arrow freezes you.
* * * LOW HITPOINT WARNING * * *
The wyvern closely misses you.
As you read the scroll labelled ERHENK DIUCROH, it crumbles to dust.
It is a scroll of identify.
f - 2 scrolls of poison The wyvern misses you.
The centaur shoots an arrow.
The arrow completely misses you.
You feel much better. The wyvern bites you.
The centaur shoots an arrow.
The arrow completely misses you. The wyvern completely misses you.
As you read the scroll labelled IJUIKA ILIOMOA, it crumbles to dust.
It is a scroll of enchant armour.
Your +0 pair of gloves glows green for a moment.
The wyvern looks more healthy.
The centaur shoots an arrow.
The arrow barely misses you. The wyvern bites you!
* * * LOW HITPOINT WARNING * * *
The centaur shoots an arrow.
The arrow misses you.
It was a potion of enlightenment.
You feel very buoyant.
You fly up into the air.
The centaur looks more healthy.
The wyvern closely misses you.
The centaur shoots an arrow.
The arrow hits you!
* * * LOW HITPOINT WARNING * * *
The arrow freezes you.
* * * LOW HITPOINT WARNING * * *
The wyvern bites you.
You die...

###.#<##........
##...#.####......
####..#####
##.....
##....##...
##....
#..####..#. ##...
##.## #..#.# ##..
#..###..#.. ###
#.###..#.# #
#.##.@#..
#.#.k#.#.#
#.#.#.(.#
#.'..#c#.#
#.'...#...#
#.'..#.#.#.#
###.#...#...#
#..#.#.#.#.
##..#...#.


You could see a wyvern and a centaur.

Vanquished Creatures
  Pikel (D:7)
  Joseph (D:7)
  Grinder (D:3)
  Eustachio (D:5)
  3 steam dragons
  Edmund (D:4)
  Duvessa (D:7)
  A water moccasin (D:6)
  5 orc warriors
  2 ogres
  A black bear (D:4)
  4 sky beasts (D:7)
  3 ice beasts
  A lemure (D:7)
  A phantom (D:5)
  3 kobold brigands
  5 bullfrogs
  2 scorpions
  5 wights
  Dowan (D:7)
  3 killer bees (D:7)
  3 howler monkeys
  3 bombardier beetles
  8 hounds
  A jelly (D:5)
  A gnoll bouda (D:4)
  An orc priest (D:6)
  An iron imp (D:3)
  4 iguanas
  Natasha (D:3)
  9 orc wizards
  5 gnolls
  Robin (D:4)
  2 adders
  A white imp (D:5)
  3 ufetubi
  5 dart slugs
  A ribbon worm (D:2)
  34 orcs
  7 ball pythons
  5 endoplasms
  5 giant cockroaches
  15 goblins
  7 hobgoblins
  16 kobolds
  3 quokkas
  8 bats
  3 frilled lizards
  2 rats
201 creatures vanquished.

Vanquished Creatures (others)
  2 orcs (D:7)
2 creatures vanquished.

Grand Total: 203 creatures vanquished

Notes
Turn   | Place    | Note
-------+----------+-------------------------------------------
     0 | D:1      | smashvw the Merfolk Alchemist began the quest for the Orb.
     0 | D:1      | Reached XP level 1. HP: 13/13 MP: 3/3
    84 | D:1      | Reached skill level 1 in Conjurations
   108 | D:1      | Reached XP level 2. HP: 14/19 MP: 1/5
   527 | D:1      | Reached XP level 3. HP: 18/24 MP: 2/6
   634 | D:1      | Learned a level 2 spell: Mercury Vapours
  1382 | D:2      | Found Qussarph's Weapon Emporium.
  1471 | D:2      | Found a sacrificial altar of Ru.
  2186 | D:2      | Reached XP level 4. HP: 28/30 MP: 5/8
  2348 | D:3      | Noticed Grinder
  2349 | D:3      | Paralysed by Grinder for 2 turns
  2356 | D:3      | HP: 1/30 [Grinder (2)]
  2377 | D:3      | Killed Grinder
  2378 | D:3      | Reached skill level 6 in Alchemy
  2378 | D:3      | Reached XP level 5. HP: 24/35 MP: 1/10
  2378 | D:3      | Reached XP level 6. HP: 28/41 MP: 1/11
  2564 | D:3      | Learned a level 3 spell: Mephitic Cloud
  2792 | D:3      | Found a burning altar of Makhleb.
  2809 | D:3      | HP: 1/41 [iron imp/sling bullet (16)]
  3122 | D:3      | Found Haoduq's Jewellery Boutique.
  3280 | D:3      | Noticed Natasha
  3290 | D:3      | Killed Natasha
  3453 | D:3      | Found a faded altar of an unknown god.
  3538 | D:3      | Learned a level 4 spell: Olgreb's Toxic Radiance
  3660 | D:3      | Found Citopn's Antique Armour Boutique.
  3930 | D:4      | Noticed Robin
  4203 | D:4      | Killed Robin
  4308 | D:4      | Reached XP level 7. HP: 41/46 MP: 9/13
  4313 | D:4      | Learned a level 4 spell: Sticky Flame
  4526 | D:4      | Reached skill level 1 in Fire Magic
  4526 | D:4      | Reached skill level 7 in Alchemy
  5036 | D:4      | Noticed Edmund
  5064 | D:4      | Killed Edmund
  5065 | D:4      | Reached skill level 5 in Spellcasting
  5387 | D:5      | Entered Level 5 of the Dungeon
  5547 | D:4      | Reached XP level 8. HP: 9/52 MP: 7/15
  5904 | D:5      | Noticed Eustachio
  5920 | D:5      | Killed Eustachio
  6262 | D:5      | Found an ornate altar of the Wu Jian Council.
  6349 | D:5      | Found a staircase to the Ecumenical Temple.
  6360 | Temple   | Entered the Ecumenical Temple
  6368 | Temple   | Became a worshipper of Vehumet
  6578 | D:5      | Found a sacrificial altar of Ru.
  6874 | D:5      | Learned a level 5 spell: Irradiate
  6913 | D:5      | Reached XP level 9. HP: 41/57 MP: 8/19
  7036 | D:6      | Found an opulent altar of Gozag.
  7531 | D:6      | Found a shimmering altar of Xom.
  7695 | D:6      | Found a glowing silver altar of Zin.
  7720 | D:6      | Found a hazy altar of Hepliaklqana.
  7778 | D:6      | HP: 2/57 [orc priest/+1 dagger of speed (3)]
  7959 | D:7      | Reached skill level 8 in Alchemy
  8053 | D:7      | Noticed Joseph
  8072 | D:7      | Killed Joseph
  8072 | D:7      | Reached * piety under Vehumet
  8072 | D:7      | Offered knowledge of Freeze by Vehumet.
  8267 | D:7      | Reached skill level 5 in Fire Magic
  8359 | D:7      | Noticed Duvessa
  8361 | D:7      | Noticed Dowan
  8373 | D:7      | Reached XP level 10. HP: 54/63 MP: 1/21
  8597 | D:7      | Killed Duvessa
  8602 | D:7      | Killed Dowan
  8720 | D:7      | Reached skill level 5 in Dodging
  8726 | D:7      | Reached skill level 9 in Alchemy
  9347 | D:7      | Noticed Pikel
  9359 | D:7      | Killed Pikel
  9360 | D:7      | Reached skill level 5 in Conjurations
  9760 | D:8      | Offered knowledge of Foxfire by Vehumet.
  9960 | D:8      | Reached ** piety under Vehumet
 10149 | D:8      | Reached skill level 10 in Alchemy
 10378 | D:8      | Noticed a two-headed ogre
 10383 | D:8      | Found a transporter.
 10383 | D:8      | Found a transporter.
 10387 | D:8      | Noticed a rakshasa
 11249 | D:9      | HP: 2/63 [centaur/arrow (2)]
 11249 | D:9      | Slain by a wyvern

Illustrated notes

Levels and vault maps discovered:
D:1:      dpeg_arrival_pond, layout_loops_ring, minmay_hedge_maze,
          minmay_misc_feat_chi, minmay_misc_feat_rugged
D:2:      layout_basic, basic_altar, serial_shops,
          nicolae_shop_bloodbath_and_beyond, serial_park_tiny_1, moated_statue,
          dk_noncrumbling_3
D:3:      layout_basic, demons_altar, serial_shops, nicolae_shop_gaudy_bauble,
          nicolae_shop_real_fake_doors, chequers_ecumenical_altar_simple,
          uniq_grinder, uniq_natasha
D:4:      kennysheep_spiral_hall, layout_gridville, uniq_edmund, uniq_robin
D:5:      layout_cave_pools, mainiacjoe_overflow_concentric_impassable,
          nicolae_wu_jian_wuxing_cycle, minmay_temple_entry_trees,
          uniq_eustachio
D:6:      layout_rooms, mainiacjoe_overflow_surrounded_room,
          mainiacjoe_overflow_brackets, zin_treasury, overflow_temple_1_default,
          kennysheep_generic_room_9
D:7:      layout_loops_ring, serial_glass, glass_columns_b, glass_columns_c,
          uniq_duvessa, uniq_joseph, uniq_pikel
D:8:      gammafunk_the_bubble [the_bubble_gammafunk_plus_minus], layout_basic,
          hangedman_abyss_or_decor_slice, minmay_holes
D:9:      layout_rooms, amethyst_overflow_temple_binary, david_orc_5,
          minivault_10, kennysheep_cluttered_room
Temple:   cyrus_circular_temple

Skill      XL: |  1  2  3  4  5  6  7  8  9 10 |
---------------+-------------------------------+-----
Conjurations   | 1 2 3 4 5 |  5.0
Spellcasting   | 3 4 5 6 7 8 |  8.6
Alchemy        | 6 7 8 10 | 10.4
Fire Magic     | 2 4 5 |  5.0
Dodging        | 4 7 |  7.1
Stealth        | |  2.1

Action                     |  1- 3 |  4- 6 |  7- 9 | 10-12 || total
---------------------------+-------+-------+-------+-------++-------
  Melee: Flail             |    22 |    12 |    14 |       ||    48
         Quarterstaff      |       |       |       |    37 ||    37
   Cast: Sting             |    64 |    63 |   190 |   162 ||   479
         Mercury Vapours   |     2 |     1 |       |       ||     3
         Olgreb's Toxic Ra |       |     4 |     9 |     5 ||    18
         Mephitic Cloud    |       |     3 |     2 |       ||     5
         Sticky Flame      |       |       |    17 |    19 ||    36
         Irradiate         |       |       |     2 |     1 ||     3
    Use: Potion            |       |     1 |     2 |     3 ||     6
         Scroll            |       |     1 |     1 |     2 ||     4
 Armour: Robe              |    33 |    40 |   111 |   149 ||   333
  Dodge: Dodged            |    37 |    39 |   101 |   160 ||   337

Table legend: (Time is in decaauts)
 A = Elapsed time spent in this place.
 B = Non-inter-level travel time spent in this place.
 C = Inter-level travel time spent in this place.
 D = Time resting spent in this place.
 E = Time spent auto-exploring this place.
 F = Levels seen in this place.
 G = Mean time per level.
                   A        B        C        D        E       F      G
               +--------+--------+--------+--------+--------+-----+--------+
         Total |  11280 |  11061 |    219 |   1478 |   8020 |  10 | 1128.0 |
       Dungeon |  11263 |  11058 |    205 |   1478 |   8020 |   9 | 1251.4 |
        Temple |     16 |      2 |     14 |      0 |      0 |   1 |   16.0 |
               +--------+--------+--------+--------+--------+-----+--------+

Top non-repeatable levels by time:
     D:4: 1917 daAuts
     D:7: 1506 daAuts
     D:3: 1479 daAuts
     D:1: 1322 daAuts
     D:8: 1304 daAuts
     D:5: 1238 daAuts
     D:6: 1205 daAuts
     D:2: 962 daAuts
     D:9: 327 daAuts
  Temple: 16 daAuts
